 Dungeon Crawl Stone Soup version 0.23.2-1-ga50397a (webtiles) character file.

Game seed: 101293753050575070

128 andrewb111 the Skirmisher (level 5, 0/51 HPs)
             Began as an Ogre Berserker on May 28, 2019.
             Was a Believer of Trog.
             Slain by Robin
             ... wielding a +6 spear of venom
              (5 damage)
             ... on level 3 of the Dungeon.
             The game lasted 00:06:02 (3059 turns).

andrewb111 the Skirmisher (Ogre Berserker)          Turns: 3059, Time: 00:06:03

Health: 0/51       AC:  4    Str: 23 (25) XL:     5   Next: 11%
Magic:  5/5        EV: 10    Int:  7 (8)  God:    Trog [**....]
Gold:   81         SH:  0    Dex:  5 (8)  Spells: 4/4 levels left

rFire    . . .     SeeInvis .   a - +0 hand axe
rCold    . . .     Gourm    .   (no shield)
rNeg     . . .     Faith    .   i - +1 robe (curse)
rPois    .         Spirit   .   (helmet restricted)
rElec    .         Reflect  .   (no cloak)
rCorr    .         Harm     .   (gloves unavailable)
MR       .....                  (boots unavailable)
Stlth    +.........             (no amulet)
HPRegen  0.17/turn              f - +3 ring of strength
MPRegen  0.09/turn              (no ring)

@: lethally poisoned (0 -> -42)
A: large, unfitting armour, hooves 1, frail 1, tough skin 1
a: Berserk, Trog's Hand, Renounce Religion


You were on level 3 of the Dungeon.
You worshipped Trog.
Trog was pleased with you.
You were not hungry.

You visited 1 branch of the dungeon, and saw 3 of its levels.

You collected 81 gold pieces.

Inventory:

Hand Weapons
 a - a +0 hand axe (weapon)
Armour
 b - a +0 animal skin
 i - a cursed +1 robe (worn)
 j - a +0 ring mail
Jewellery
 d - an uncursed ring of see invisible {unknown}
 f - a +3 ring of strength (left hand)
 k - a cursed ring of attention {unknown}
Wands
 m - a wand of disintegration (13)
Scrolls
 g - 3 scrolls of identify
Potions
 l - a potion of lignification {unknown}
Comestibles
 c - 5 rations


   Skills:
 + Level 5.0 Fighting
 + Level 4.4 Axes
 + Level 3.5 Dodging
 + Level 0.2 Stealth


You had 4 spell levels left.
You didn't know any spells.
Your spell library was empty.

Dungeon Overview and Level Annotations

Branches:
Dungeon (3/15)

Altars:

Annotations:
D:3 Robin


Innate Abilities, Weirdness & Mutations

You are too large for most types of armour.
You have tough skin. (AC +1)
You have large cloven feet.
You are frail. (-10% HP)


Message History

You are lethally poisoned!
You are too injured to fight recklessly!
You are too injured to fight recklessly!
You are too injured to fight recklessly!
You are too injured to fight recklessly!
You closely miss Robin. Your kick misses Robin.
Robin is severely wounded.
You hit the hobgoblin.
You feel sick. The hobgoblin hits you with a +0 club.
* * * LOW HITPOINT WARNING * * *
Robin hits you with a +6 spear of venom.
* * * LOW HITPOINT WARNING * * *
You are more poisoned.
You hit Robin but do no damage. You kick Robin.
Robin is almost dead.
You hit the hobgoblin but do no damage.
* * * LOW HITPOINT WARNING * * *
You feel very sick. The hobgoblin barely misses you.
Robin hits you with a +6 spear of venom.
You die...

............#
#.##.#*.........#.#
.#####.####.#
#.##.#*.#######.#.# ,*
#.# #.# #.##.#*,* #.#.#
,* ##.## #.###.##.#*,*
#.#..
,*###...###.#......#*,#
#.#.#
,*#........<#.#.#.)##.#
#.#.#
,*#.#...###.........%.##*
#.#.# ,*#.##.##
#.#.##.)......* #.#.#
,*#,*#.# #.#...@g#####.*
#.#.# <,,,,..# #.####g##
*,* #.... ,,**#..#**#.#
#.# *,* ###[#
,,**#..,,,..# #.# *,* #..
,,,,,,,,,*###**#.#* *,*
### ,*******,**,,,,...*
**,** ,*
*,,,,***##.****,,,* ,*
*,**,* *.,,,,,*,* ,*
*,,,,* *,,***,,,*


You could see Robin and a hobgoblin.

Vanquished Creatures
  A hound zombie (D:3)
  3 adders
  An ooze (D:1)
  A worm (D:2)
  A dart slug (D:1)
  3 leopard geckos
  A ball python (D:2)
  12 bats
  5 giant cockroaches
  9 goblins
  11 hobgoblins
  6 jackals
  2 quokkas
  2 frilled lizards
  5 kobolds
  4 rats
67 creatures vanquished.

Notes
Turn   | Place    | Note
-------+----------+-------------------------------------------
     0 | D:1      | andrewb111 the Ogre Berserker began the quest for the Orb.
     0 | D:1      | Reached XP level 1. HP: 24/24 MP: 1/1
   276 | D:1      | Reached XP level 2. HP: 29/32 MP: 2/2
   710 | D:1      | Reached XP level 3. HP: 34/40 MP: 3/3
   785 | D:1      | Reached ** piety under Trog
  1266 | D:2      | Reached XP level 4. HP: 36/49 MP: 4/4
  1866 | D:2      | Gained mutation: You are frail. (-10% HP) [potion of
                  | mutation]
  1866 | D:2      | Gained mutation: You have large cloven feet. [potion of
                  | mutation]
  2642 | D:3      | Noticed Robin
  2646 | D:3      | Reached XP level 5. HP: 45/49 MP: 5/5
  2657 | D:3      | Reached skill level 5 in Fighting
  3059 | D:3      | Slain by Robin

Skill      XL: |  1  2  3  4  5 |
---------------+----------------+-----
Dodging        | 3 |  3.5
Axes           | 4 |  4.4
Fighting       | 5 |  5.0
Stealth        | |  0.2

Action                   |  1- 3 |  4- 6 || total
-------------------------+-------+-------++-------
Melee: Hand axe          |   131 |    85 ||   216
       Kick              |       |    13 ||    13
Evoke: Wand              |       |     1 ||     1
  Use: Scroll            |     4 |     3 ||     7
       Potion            |     2 |     6 ||     8
  Eat: Ration            |     1 |     1 ||     2
       Chunk             |       |     1 ||     1
Armor: Animal skin       |    17 |       ||    17
       Robe              |    43 |    32 ||    75
Dodge: Dodged            |    80 |    60 ||   140
